[Event "Titled Tuesday Blitz June 21 Early 2022"]
[White "Tan, Zhongyi"]
[Black "Sarana, Alexey"]
[WhiteFideId "8603642"]
[BlackFideId "24133795"]
[WhiteElo "2510"]
[BlackElo "2666"]
[Result "0-1"]
[Round "03"]
[TimeControl "180+1"]
[Date "2022.06.21"]
[WhiteClock "0:00:04"]
[BlackClock "0:01:27"]

1. e4 c5 2. Nf3 d6 3. d4 cxd4 4. Nxd4 Nf6 5. Nc3 a6 6. Bg5 e6 7. f4 Nbd7 8. Qf3 Qc7 9. O-O-O b5 10. Bd3 Bb7 11. Rhe1 Be7 12. Qg3 b4 13. Nd5 exd5 14. exd5 Kd8 15. Nc6+ Bxc6 16. dxc6 Qxc6 17. Bxf6 Nxf6 18. Qxg7 Re8 19. Rxe7 Rxe7 20. Qxf6 Qc5 21. Bf5 d5 22. Re1 Ra7 23. Qh8+ Kc7 24. Qc8+ Kb6 25. Qb8+ Rab7 26. Qd8+ Ka7 27. Rd1 Qe3+ 28. Kb1 Qd2 29. Bg4 Re1 0-1


[Site "https://www.chess.com"]

[Event "Titled Tuesday Blitz June 21 Early 2022"]
[White "Tari, Aryan"]
[Black "Lianes Garcia, Marcos"]
[WhiteFideId "1510045"]
[BlackFideId "32060777"]
[WhiteElo "2567"]
[BlackElo "2310"]
[Result "1-0"]
[Round "03"]
[TimeControl "180+1"]
[Date "2022.06.21"]
[WhiteClock "0:00:55"]
[BlackClock "0:00:10"]

1. e4 g6 2. d4 Bg7 3. Nf3 c5 4. d5 d6 5. Bb5+ Bd7 6. a4 Nf6 7. Nc3 O-O 8. O-O e6 9. Bf4 exd5 10. Bxd6 Bxb5 11. Nxb5 Nxe4 12. Bxf8 Kxf8 13. c4 a6 14. Nc3 Nxc3 15. bxc3 d4 16. Rb1 Nc6 17. cxd4 cxd4 18. Rxb7 Na5 19. Rb1 Nxc4 20. Qd3 Ne5 21. Nxe5 Bxe5 22. Rfc1 Kg7 23. g3 h5 24. Rb7 Qd5 25. Rb2 h4 26. Rbc2 hxg3 27. fxg3 Bf6 28. Rf1 Bg5 29. Qf3 Be3+ 30. Kg2 Qxf3+ 31. Kxf3 Rd8 32. Rc7 Kh6 33. Rxf7 Rd5 34. Ke4 Ra5 35. h4 Rxa4 36. g4 Bd2 37. Rd7 Bc3 38. Rff7 1-0


[Site "https://www.chess.com"]

[Event "Titled Tuesday Blitz June 21 Early 2022"]
[White "Tasev, Dejan"]
[Black "Nesterov, Arseniy"]
[WhiteFideId "936618"]
[BlackFideId "24198455"]
[WhiteElo "2253"]
[BlackElo "2489"]
[Result "0-1"]
[Round "03"]
[TimeControl "180+1"]
[Date "2022.06.22"]
[WhiteClock "0:00:14"]
[BlackClock "0:01:09"]

1. e4 e5 2. Nf3 Nc6 3. Bc4 Nf6 4. d3 Bc5 5. Nc3 h6 6. h3 d6 7. Be3 Bb6 8. Bb3 Nd4 9. Qd2 Nxb3 10. axb3 c5 11. O-O O-O 12. Nh2 d5 13. exd5 Nxd5 14. Nxd5 Qxd5 15. f4 exf4 16. Rxf4 Bd7 17. Raf1 Rae8 18. Qf2 Bc6 19. Rg4 f5 20. c4 Qxd3 21. Rxg7+ Kxg7 22. Bxh6+ Kxh6 23. Qh4+ Kg6 24. Nf3 Bxf3 25. Rxf3 Qd4+ 0-1


[Site "https://www.chess.com"]

[Event "Titled Tuesday Blitz June 21 Early 2022"]
[White "Thiel, Thomas"]
[Black "Przybylski, Wojciech"]
[WhiteFideId "4615964"]
[BlackFideId "1117599"]
[WhiteElo "2227"]
[BlackElo "2133"]
[Result "0-1"]
[Round "03"]
[TimeControl "180+1"]
[Date "2022.06.22"]
[WhiteClock "0:00:42"]
[BlackClock "0:00:02"]

1. e4 c5 2. Nc3 e5 3. Nge2 Bd6 4. Nd5 Ne7 5. Nec3 Nbc6 6. Bc4 Nxd5 7. Nxd5 Ne7 8. O-O O-O 9. d3 b5 10. Bxb5 Nxd5 11. exd5 f5 12. f4 Bb7 13. Bc4 Qf6 14. c3 Kh8 15. Qf3 Rae8 16. Qf2 e4 17. dxe4 Rxe4 18. Bd3 Bxd5 19. Bxe4 fxe4 20. Be3 Qe7 21. Qd2 Bc4 22. Rfd1 Bd3 23. a3 Bc7 24. c4 d6 25. b4 h6 26. Qc3 Rf6 27. Rxd3 exd3 28. Qxd3 Re6 29. Bf2 Re2 30. Rd1 Qe4 31. Qxe4 Rxe4 32. bxc5 dxc5 33. Bxc5 Rxc4 34. Bxa7 Bxf4 35. Rd5 Bc1 36. Rc5 Be3+ 0-1


[Site "https://www.chess.com"]

[Event "Titled Tuesday Blitz June 21 Early 2022"]
[White "Tica, Sven"]
[Black "Borgaonkar Akshay"]
[WhiteFideId "14526948"]
[BlackFideId "25639110"]
[WhiteElo "2346"]
[BlackElo "1660"]
[Result "1-0"]
[Round "03"]
[TimeControl "180+1"]
[Date "2022.06.22"]
[WhiteClock "0:00:21"]
[BlackClock "0:00:04"]

1. d4 Nf6 2. Bg5 d5 3. Bxf6 exf6 4. g3 g6 5. Bg2 f5 6. e3 Bg7 7. Ne2 O-O 8. O-O c6 9. Nd2 Nd7 10. c4 Nf6 11. Nc3 Ne4 12. cxd5 cxd5 13. Rc1 Be6 14. Ne2 Rc8 15. Nf4 Rxc1 16. Qxc1 Qc8 17. Nb3 b6 18. Qxc8 Rxc8 19. Rc1 Rxc1+ 20. Nxc1 g5 21. Nfd3 Bf8 22. Kf1 f6 23. Ke2 Kf7 24. Bh3 Nd6 25. Kd2 Nc4+ 26. Kc3 a5 27. Ne2 Nd6 28. Bg2 Nb5+ 29. Kc2 Nc7 30. a3 Bc8 31. Nc3 Ke6 32. h4 Ba6 33. Ne1 b5 34. Nf3 b4 35. axb4 axb4 36. Nb1 h6 37. Nbd2 Bb5 38. Nb3 Ba4 39. Nd2 Nb5 40. Kd3 Na7 41. Bf3 Bb5+ 42. Kc2 Ba4 43. Kc1 Bd6 44. Be2 Bb5 45. Bxb5 Nxb5 46. Nf3 Nc7 47. Kd2 Nb5 48. Kd3 Nc7 49. Nc1 Nb5 50. Kc2 Nc7 51. Nd3 1-0


[Site "https://www.chess.com"]

[Event "Titled Tuesday Blitz June 21 Early 2022"]
[White "Timofeev, Artyom"]
[Black "Kopczynski, Michal"]
[WhiteFideId "4140419"]
[BlackFideId "1124200"]
[WhiteElo "2578"]
[BlackElo "2235"]
[Result "1-0"]
[Round "03"]
[TimeControl "180+1"]
[Date "2022.06.21"]
[WhiteClock "0:00:38"]
[BlackClock "0:00:14"]

1. e4 c5 2. Nc3 g6 3. g3 Bg7 4. Bg2 d6 5. d3 Nc6 6. Be3 e5 7. Nge2 Nge7 8. O-O O-O 9. f4 exf4 10. Nxf4 f5 11. Kh1 fxe4 12. dxe4 Ne5 13. Bg1 Bg4 14. Qe1 Qd7 15. h3 g5 16. hxg4 gxf4 17. gxf4 Nxg4 18. Qg3 Nf6 19. Rad1 Ng6 20. Qg5 Qg4 21. Qxg4 Nxg4 22. Nd5 Bh6 23. Bh3 Nf6 24. Be6+ Kg7 25. f5 Ne5 26. Bh2 Nfg4 27. Nc7 Rad8 28. Bd5 Ne3 29. Ne6+ Kf6 30. Nxf8 Rxf8 31. Bxb7 Nxf1 32. Rxf1 Rb8 33. Rd1 Nc4 34. Ba6 Ne3 35. Rxd6+ Kg5 36. Rxh6 Rxb2 37. Rxh7 Rb1+ 38. Bg1 Ng4 39. Rg7+ Kf4 40. Rxg4+ Kxg4 41. Kg2 Rb2 42. f6 Rxc2+ 43. Bf2 Rxa2 44. f7 Rxa6 45. f8=Q 1-0


[Site "https://www.chess.com"]

[Event "Titled Tuesday Blitz June 21 Early 2022"]
[White "Tinmaz, Kerem"]
[Black "Gracia Alvarez, Gerardo Antonio"]
[WhiteFideId "44559151"]
[BlackFideId "5109124"]
[WhiteElo "1443"]
[BlackElo "2139"]
[Result "0-1"]
[Round "03"]
[TimeControl "180+1"]
[Date "2022.06.22"]
[WhiteClock "0:00:01"]
[BlackClock "0:00:02"]

1. e4 c5 2. Nc3 Nc6 3. Bb5 Nd4 4. Bc4 e6 5. Nge2 a6 6. a4 Nf6 7. O-O d5 8. exd5 exd5 9. Ba2 Be7 10. d3 Nxe2+ 11. Qxe2 O-O 12. Bg5 Be6 13. Qf3 d4 14. Bxe6 dxc3 15. Bc4 cxb2 16. Rab1 h6 17. Be3 b5 18. axb5 axb5 19. Bxb5 Rb8 20. Rxb2 Nd5 21. Rb3 Qd6 22. Bc4 Nxe3 23. fxe3 Rxb3 24. Bxb3 Bf6 25. Qd5 Qe7 26. e4 Kh8 27. Rf5 Bd4+ 28. Kh1 f6 29. Qe6 Qa7 30. Rf1 Qa5 31. Qd6 Rd8 32. Qe6 Qd2 33. Qf5 Qe3 34. Qf3 Qg5 35. Qg3 Qd2 36. Qc7 Rf8 37. Qg3 Be5 38. Qf2 Qg5 39. Qxc5 Ra8 40. Qf2 Qh5 41. h3 Qg5 42. Qf5 Qg3 43. Kg1 Qh2+ 44. Kf2 Qg3+ 45. Kg1 Qh2+ 46. Kf2 Bd4+ 47. Kf3 Be5 48. Qg4 Rc8 49. Ke2 Rd8 50. Rf2 Qg1 51. Rf1 Qd4 52. Qf5 Qc3 53. Qf3 g5 54. h4 Bf4 0-1


[Site "https://www.chess.com"]

[Event "Titled Tuesday Blitz June 21 Early 2022"]
[White "Todorovic, Bojan"]
[Black "Perez Gormaz, Matias"]
[WhiteFideId "917087"]
[BlackFideId "3406342"]
[WhiteElo "2266"]
[BlackElo "2341"]
[Result "0-1"]
[Round "03"]
[TimeControl "180+1"]
[Date "2022.06.22"]
[WhiteClock "0:01:11"]
[BlackClock "0:01:00"]

1. d4 d5 2. c4 e6 3. Nc3 a6 4. cxd5 exd5 5. Nf3 c6 6. Bg5 Be7 7. h4 Qb6 8. Qd2 Bf5 9. e3 Nd7 10. O-O-O Ngf6 11. Bd3 Ne4 12. Bxe4 dxe4 13. Bxe7 exf3 14. Bd6 fxg2 15. Rhg1 O-O-O 16. Rxg2 g6 17. e4 Be6 18. Kb1 Rhe8 19. Rg5 Nf6 20. Na4 Qa7 21. Qb4 Rxd6 22. Nb6+ Kc7 23. e5 Rdd8 0-1


[Site "https://www.chess.com"]

[Event "Titled Tuesday Blitz June 21 Early 2022"]
[White "Tologon tegin, Semetei"]
[Black "Mrudul Dehankar"]
[WhiteFideId "13800574"]
[BlackFideId "25096990"]
[WhiteElo "2174"]
[BlackElo "1766"]
[Result "1-0"]
[Round "03"]
[TimeControl "180+1"]
[Date "2022.06.22"]
[WhiteClock "0:00:41"]
[BlackClock "0:00:01"]

1. e4 c5 2. Nc3 Nc6 3. Bb5 Nd4 4. Nf3 g6 5. Nxd4 cxd4 6. Ne2 Bg7 7. O-O Qb6 8. Bc4 Nf6 9. d3 O-O 10. Kh1 d6 11. h3 Nd7 12. f4 Nc5 13. a4 Qc7 14. b4 Nxe4 15. Bb2 Nc3 16. Bxc3 dxc3 17. Qe1 Rd8 18. Ra3 d5 19. Ba2 d4 20. Bc4 Qd6 21. Rb3 Bd7 22. b5 e6 23. Ng3 Rac8 24. Ne4 Qe7 25. Rb1 Rc7 26. Ng3 Qd6 27. Ne4 Qa3 28. Ra1 Qe7 29. Ng3 Qh4 30. Kh2 Rcc8 31. Qe2 Rc7 32. Ne4 Bc8 33. g3 Qe7 34. Ng5 1-0


[Site "https://www.chess.com"]

[Event "Titled Tuesday Blitz June 21 Early 2022"]
[White "Toncheva, Nadya"]
[Black "Boyer, Mahel"]
[WhiteFideId "2924056"]
[BlackFideId "45102422"]
[WhiteElo "1888"]
[BlackElo "2400"]
[Result "1-0"]
[Round "03"]
[TimeControl "180+1"]
[Date "2022.06.22"]
[WhiteClock "0:00:06"]
[BlackClock "0:00:02"]

1. e4 Nc6 2. Nf3 d5 3. exd5 Qxd5 4. Nc3 Qh5 5. Be2 Bg4 6. O-O O-O-O 7. h3 Bxh3 8. gxh3 Qxh3 9. Ng5 Qh4 10. Nxf7 Nh6 11. Nxd8 e6 12. Nxb7 Kxb7 13. Bf3 Bd6 14. Bxc6+ Kc8 15. Re1 Ng4 16. Qf3 Rf8 17. Rxe6 Nf6 18. d4 Kd8 19. Ne4 Bh2+ 20. Kf1 h5 21. Nxf6 gxf6 22. Qd5+ 1-0


[Site "https://www.chess.com"]

[Event "Titled Tuesday Blitz June 21 Early 2022"]
[White "Trakru, Rohun"]
[Black "De Souza, Cristiano Gomes"]
[WhiteFideId "2097613"]
[BlackFideId "2151758"]
[WhiteElo "1746"]
[BlackElo "2068"]
[Result "1-0"]
[Round "03"]
[TimeControl "180+1"]
[Date "2022.06.22"]
[WhiteClock "0:00:54"]
[BlackClock "0:00:37"]

1. Nf3 Nf6 2. c4 g6 3. d4 Bg7 4. Nc3 d6 5. e4 O-O 6. h3 e5 7. d5 Na6 8. Be2 Nc5 9. Qc2 a5 10. Be3 Nfd7 11. g4 f5 12. gxf5 gxf5 13. exf5 Nb6 14. Rg1 Bxf5 15. Qd2 Rf7 16. Ng5 Rd7 17. O-O-O a4 18. Bxc5 dxc5 19. Nge4 Qf8 20. Qd3 Re8 21. Bg4 Bxg4 22. hxg4 Rf7 23. Kb1 h6 24. g5 hxg5 25. Nxg5 Rf5 26. Ne6 Rxe6 27. dxe6 Rxf2 28. Ne4 Rf4 29. Qd8 Nc8 30. Qxf8+ Rxf8 31. Rd7 1-0


[Site "https://www.chess.com"]

[Event "Titled Tuesday Blitz June 21 Early 2022"]
[White "Urquhart, Ed"]
[Black "Lagno, Kateryna"]
[WhiteFideId "2603748"]
[BlackFideId "14109336"]
[WhiteElo "2184"]
[BlackElo "2522"]
[Result "1-0"]
[Round "03"]
[TimeControl "180+1"]
[Date "2022.06.22"]
[WhiteClock "0:00:28"]
[BlackClock "0:00:39"]

1. e4 e5 2. Nf3 Nc6 3. d4 exd4 4. Bc4 Nf6 5. e5 Ne4 6. O-O d5 7. Bb5 Bd7 8. Bxc6 bxc6 9. Nxd4 c5 10. Nb3 c6 11. f3 Ng5 12. f4 Ne4 13. Nc3 Bf5 14. Nxe4 Bxe4 15. f5 c4 16. Nd4 c5 17. Nb5 Qb6 18. Nc3 O-O-O 19. Nxe4 dxe4 20. Qe2 Qc6 21. Qxc4 Be7 22. Qxf7 Qb7 23. f6 gxf6 24. exf6 Bd6 25. Qxb7+ Kxb7 26. Bh6 Rhg8 27. f7 Rg6 28. f8=Q Bxf8 29. Bxf8 Rd2 30. Rf2 Rxf2 31. Kxf2 Rf6+ 32. Ke3 Rxf8 33. Rd1 Kc6 34. Rd2 Re8 35. c4 a5 36. Rf2 Re6 37. g4 a4 38. h4 Rd6 39. Rd2 Re6 40. g5 Re5 41. Rf2 Re7 42. Rf4 Rb7 43. Rf2 Re7 44. h5 Kd6 45. Rf5 Rb7 46. g6 hxg6 47. hxg6 Ke6 48. Rg5 Rg7 49. Kxe4 Kf6 50. Rg2 Re7+ 51. Kd5 Kg7 52. Kxc5 1-0


[Site "https://www.chess.com"]

[Event "Titled Tuesday Blitz June 21 Early 2022"]
[White "Vidonyak, Roman"]
[Black "Pappelis, Dimitrios"]
[WhiteFideId "14100622"]
[BlackFideId "4215281"]
[WhiteElo "2411"]
[BlackElo "1998"]
[Result "0-1"]
[Round "03"]
[TimeControl "180+1"]
[Date "2022.06.22"]
[WhiteClock "0:00:02"]
[BlackClock "0:00:43"]

1. d4 d5 2. c4 e6 3. Nc3 Nf6 4. cxd5 exd5 5. Bg5 c6 6. e3 Be7 7. Bd3 Nbd7 8. Qc2 h6 9. Bh4 Nh5 10. Bxe7 Qxe7 11. Nge2 Nb6 12. O-O O-O 13. Rab1 Re8 14. a3 Be6 15. b4 Nc4 16. Bxc4 dxc4 17. b5 cxb5 18. Rxb5 Nf6 19. Rfb1 b6 20. a4 Rac8 21. e4 Bd7 22. Re5 Qd6 23. f4 Ng4 24. Rxe8+ Rxe8 25. e5 Qc6 26. Qd2 Bf5 27. Rd1 h5 28. h3 Nh6 29. Kh1 Bd3 30. d5 Qc5 31. d6 Nf5 32. Kh2 g6 33. Ng1 Kg7 34. Nf3 Ne3 35. Qb2 Nxd1 36. Nxd1 Kg8 37. Nf2 Qe3 38. d7 Rd8 39. Nxd3 cxd3 40. Qc3 Qxf4+ 41. Kh1 Qf5 42. Nd4 Qxd7 43. Nc6 Re8 0-1


[Site "https://www.chess.com"]

[Event "Titled Tuesday Blitz June 21 Early 2022"]
[White "Vifleemskaia, Svetlana"]
[Black "Ajay Krishna, S"]
[WhiteFideId "4129490"]
[BlackFideId "5096430"]
[WhiteElo "1929"]
[BlackElo "2247"]
[Result "1/2-1/2"]
[Round "03"]
[TimeControl "180+1"]
[Date "2022.06.22"]
[WhiteClock "0:01:25"]
[BlackClock "0:01:28"]

1. d4 d5 2. c4 e6 3. Nc3 Nf6 4. cxd5 exd5 5. Bg5 Be7 6. e3 O-O 7. Bd3 Be6 8. Qc2 h6 9. Bh4 Nbd7 10. Nge2 c5 11. O-O c4 12. Bf5 a6 13. a4 Ne8 14. Bxe7 Qxe7 15. Nf4 Nc7 16. Bxe6 fxe6 17. Ng6 Qg5 18. Nxf8 Rxf8 19. e4 Rf3 20. e5 Nf8 21. Kh1 Rf7 22. Qc1 Qh4 23. f4 Ng6 24. g3 Qh3 25. Rf2 Ne7 26. Qf1 Qh5 27. Qe2 Qh3 28. Qf1 Qh5 29. Qe2 Qh3 30. Qf1 1/2-1/2


[Site "https://www.chess.com"]

[Event "Titled Tuesday Blitz June 21 Early 2022"]
[White "Volkov, Maksim"]
[Black "Sadykov, Ramil"]
[WhiteFideId "54123070"]
[BlackFideId "24113590"]
[WhiteElo "2155"]
[BlackElo "2226"]
[Result "1-0"]
[Round "03"]
[TimeControl "180+1"]
[Date "2022.06.22"]
[WhiteClock "0:00:13"]
[BlackClock "0:00:01"]

1. d4 Nf6 2. c4 g6 3. g3 Bg7 4. Bg2 d5 5. cxd5 Nxd5 6. e4 Nb6 7. Ne2 O-O 8. O-O e5 9. dxe5 Bxe5 10. Nbc3 Be6 11. f4 Bg7 12. Qxd8 Rxd8 13. f5 Bc4 14. f6 Bf8 15. Bf4 Bc5+ 16. Kh1 Na6 17. Rfd1 c6 18. b3 Be6 19. h3 Nb4 20. Bc7 Rdc8 21. Bd6 Bxd6 22. Rxd6 Nc2 23. Rad1 Ne3 24. R1d2 Nxg2 25. Kxg2 g5 26. g4 Re8 27. Kf3 h6 28. Ng3 Kh7 29. Nh5 Kg6 30. Ne2 Nc8 31. R6d3 c5 32. Neg3 c4 33. bxc4 Bxc4 34. Rd4 b5 35. Nf5 Nb6 36. Ne7+ Kh7 37. Ng7 Rf8 38. Rd6 Na4 39. a3 a5 40. Rc6 1-0


[Site "https://www.chess.com"]

[Event "Titled Tuesday Blitz June 21 Early 2022"]
[White "Vovk, Orest"]
[Black "Li, Zhuoling"]
[WhiteFideId "14113490"]
[BlackFideId "8605629"]
[WhiteElo "2203"]
[BlackElo "2300"]
[Result "0-1"]
[Round "03"]
[TimeControl "180+1"]
[Date "2022.06.22"]
[WhiteClock "0:00:47"]
[BlackClock "0:01:14"]

1. h4 d5 2. h5 h6 3. e4 dxe4 4. Nc3 Nf6 5. Rh4 Bf5 6. Qe2 Nc6 7. g3 e6 8. Bh3 Nd4 9. Qd1 e3 10. dxe3 Nxc2+ 11. Kf1 Qxd1+ 12. Nxd1 Bd3+ 13. Kg2 Nxa1 14. Nf3 Rd8 15. Nc3 Be7 16. Ne5 Nd5 17. Rd4 Nxc3 18. Rxd8+ Bxd8 19. bxc3 Bf6 20. Nxd3 Bxc3 21. Ba3 Nc2 22. Bc1 O-O 23. Kf1 Nb4 24. Nxb4 Bxb4 25. Bg2 c6 26. Ke2 Rd8 27. Be4 f5 28. Bc2 Kf7 29. f4 Bc3 30. e4 fxe4 31. Bxe4 e5 32. f5 a5 33. g4 Rd4 34. Kf3 Rd1 35. Be3 Bd4 0-1


[Site "https://www.chess.com"]

[Event "Titled Tuesday Blitz June 21 Early 2022"]
[White "Wachinger, Guenther"]
[Black "Alinasab, Mobina"]
[WhiteFideId "4604261"]
[BlackFideId "12528897"]
[WhiteElo "2212"]
[BlackElo "2031"]
[Result "0-1"]
[Round "03"]
[TimeControl "180+1"]
[Date "2022.06.22"]
[WhiteClock "0:00:15"]
[BlackClock "0:00:21"]

1. e4 c5 2. Nf3 e6 3. d4 cxd4 4. Nxd4 Nf6 5. Nc3 Nc6 6. Ndb5 Bb4 7. a3 Bxc3+ 8. Nxc3 d5 9. exd5 exd5 10. Bd3 O-O 11. O-O d4 12. Ne2 Bg4 13. f3 Bh5 14. Bf4 Bg6 15. Bxg6 hxg6 16. Qd3 Nd5 17. Bd2 Qb6 18. b4 a6 19. Rad1 Rad8 20. Kh1 Rfe8 21. c4 dxc3 22. Nxc3 Ne3 23. Bxe3 Rxd3 24. Bxb6 Rxc3 25. Rd7 Re7 26. Rxe7 Nxe7 27. Rd1 Rxa3 28. h3 Nc6 29. Rd7 Nxb4 30. Rxb7 Nd3 31. Ra7 Ra1+ 32. Kh2 Ra2 33. Kh1 Nf4 34. Ra8+ Kh7 35. Ra7 f6 36. Bc5 a5 37. Bd6 Ne6 38. Re7 Nd4 39. Ra7 Nb5 40. Ra6 a4 41. Bb4 Ra1+ 42. Kh2 a3 43. Ra5 a2 44. Kg3 Nd4 45. Kh4 Nc6 46. Bc3 Nxa5 47. Bxa1 Nb3 48. Bb2 a1=Q 49. Bxa1 Nxa1 50. g4 Nc2 51. f4 Nd4 52. g5 f5 53. Kg3 Kg8 54. Kf2 Kf7 55. Ke3 Nb5 56. Kd3 Ke6 57. Kc4 Nc7 58. Kd4 Nd5 59. h4 Nxf4 0-1


[Site "https://www.chess.com"]

[Event "Titled Tuesday Blitz June 21 Early 2022"]
[White "Wagner, Dennis"]
[Black "Bluebaum, Matthias"]
[WhiteFideId "24650684"]
[BlackFideId "24651516"]
[WhiteElo "2355"]
[BlackElo "2556"]
[Result "0-1"]
[Round "03"]
[TimeControl "180+1"]
[Date "2022.06.21"]
[WhiteClock "0:00:27"]
[BlackClock "0:01:12"]

1. d4 d5 2. Nf3 Nf6 3. c4 e6 4. Nc3 h6 5. e3 Be7 6. b3 O-O 7. Bb2 b6 8. Rc1 a6 9. Bd3 Bb7 10. O-O Nbd7 11. cxd5 exd5 12. Ne5 c5 13. Bf5 cxd4 14. exd4 Re8 15. Qf3 Nf8 16. Rfe1 Bb4 17. Re3 Ne6 18. Na4 Bd2 19. Nxf7 Kxf7 20. Rxe6 Bxc1 21. Bxc1 Rxe6 22. Bxe6+ Kxe6 0-1


[Site "https://www.chess.com"]

[Event "Titled Tuesday Blitz June 21 Early 2022"]
[White "Wagner, Dinara"]
[Black "Abdi, Farzad"]
[WhiteFideId "24157570"]
[BlackFideId "2076829"]
[WhiteElo "2216"]
[BlackElo "2256"]
[Result "0-1"]
[Round "03"]
[TimeControl "180+1"]
[Date "2022.06.22"]
[WhiteClock "0:00:46"]
[BlackClock "0:00:10"]

1. e4 c5 2. Nf3 d6 3. d4 cxd4 4. Qxd4 Nc6 5. Bb5 Nf6 6. O-O e5 7. Qd3 Be7 8. c4 O-O 9. Nc3 a6 10. Ba4 Nd7 11. Qe2 Nc5 12. Bc2 Bg4 13. Be3 Ne6 14. h3 Ned4 15. Nxd4 Bxe2 16. Ndxe2 Bg5 17. f4 exf4 18. Nxf4 Ne5 19. b3 Ng6 20. Ncd5 Nxf4 21. Nxf4 Bf6 22. Rad1 Be5 23. Nd5 b5 24. Bd3 h6 25. c5 Rc8 26. b4 Qh4 27. Rf3 a5 28. a3 axb4 29. axb4 Kh8 30. Rdf1 dxc5 31. bxc5 f6 32. Ne7 Kh7 33. Bxb5 Rb8 34. Bd7 Rb2 35. Bf5+ Kh8 36. Ng6+ Kg8 37. Nxh4 Ra8 38. Be6+ Kh7 39. Bf5+ Kg8 40. Ng6 Raa2 41. Nxe5 Rxg2+ 42. Kh1 Rh2+ 43. Kg1 Rag2# 0-1


[Site "https://www.chess.com"]

[Event "Titled Tuesday Blitz June 21 Early 2022"]
[White "Warchol, Kamil"]
[Black "Tanaka, Taira Tyler"]
[WhiteFideId "21858241"]
[BlackFideId "7002351"]
[WhiteElo "1951"]
[BlackElo "2553"]
[Result "0-1"]
[Round "03"]
[TimeControl "180+1"]
[Date "2022.06.22"]
[WhiteClock "0:00:01"]
[BlackClock "0:00:37"]

1. e4 c6 2. c4 d5 3. cxd5 cxd5 4. exd5 Nf6 5. Nc3 Nxd5 6. Nf3 Nc6 7. Bb5 Nc7 8. Bxc6+ bxc6 9. Qa4 Bd7 10. O-O e6 11. d4 Be7 12. Ne5 Nb5 13. Bf4 O-O 14. Rac1 Rc8 15. Nxb5 cxb5 16. Qxa7 Rxc1 17. Rxc1 Be8 18. Qa6 Qxd4 19. Bg3 Qxb2 20. Rd1 Bf6 21. Nf3 b4 22. Bd6 g6 23. Bxf8 Kxf8 24. Qd6+ Kg7 25. Qd2 Qa3 26. Rb1 Bc3 27. Qe2 Ba4 28. h3 Bc6 29. Ne5 Bd5 30. Nd3 Qxa2 31. Qxa2 Bxa2 32. Rc1 Bd5 33. Kf1 e5 34. f3 f5 35. Ke2 Bc4 36. Ke3 Be6 37. Ke2 Kf6 38. Ke3 Bc4 39. g3 g5 40. Nxb4 Bd4+ 41. Kd2 Be6 42. Nd3 f4 0-1


[Site "https://www.chess.com"]

[Event "Titled Tuesday Blitz June 21 Early 2022"]
[White "Williams, Simon K"]
[Black "Chernomordik, Pavel"]
[WhiteFideId "404454"]
[BlackFideId "2804530"]
[WhiteElo "2468"]
[BlackElo "2220"]
[Result "1-0"]
[Round "03"]
[TimeControl "180+1"]
[Date "2022.06.22"]
[WhiteClock "0:01:09"]
[BlackClock "0:02:09"]

1. d4 g6 2. h4 Nf6 3. c4 Bg7 4. Nc3 d6 5. e4 c6 6. Be2 h5 7. Nf3 a6 8. O-O b5 9. Ng5 bxc4 10. Bxc4 d5 11. exd5 cxd5 12. Bd3 Nc6 13. Ne2 O-O 14. Bf4 Qb6 15. Qb3 Nxd4 16. Qxb6 Nxe2+ 17. Bxe2 Nd7 18. Qc6 1-0


[Site "https://www.chess.com"]

[Event "Titled Tuesday Blitz June 21 Early 2022"]
[White "Yaksin, Oleg"]
[Black "Manukian, Artak"]
[WhiteFideId "24105880"]
[BlackFideId "13301373"]
[WhiteElo "2256"]
[BlackElo "2462"]
[Result "0-1"]
[Round "03"]
[TimeControl "180+1"]
[Date "2022.06.22"]
[WhiteClock "0:00:01"]
[BlackClock "0:00:11"]

1. d4 Nf6 2. c4 g6 3. g3 Bg7 4. Bg2 c6 5. Nf3 d5 6. cxd5 cxd5 7. Ne5 O-O 8. O-O Nfd7 9. f4 Nxe5 10. dxe5 e6 11. Be3 Nc6 12. Bc5 Re8 13. Nc3 b6 14. Bf2 Ba6 15. Re1 Na5 16. Qa4 Bb7 17. Rad1 Qc8 18. e4 dxe4 19. Nxe4 Bxe4 20. Bxe4 Rb8 21. Rc1 Qd8 22. Red1 Qe7 23. Rd7 Qf8 24. Rcc7 Rec8 25. b4 Rxc7 26. Rxc7 Nc4 27. Qxa7 Rc8 28. a4 Rxc7 29. Qxc7 Qxb4 30. Bd3 Nb2 31. Bb5 Nxa4 32. Be8 Qb1+ 33. Kg2 Qe4+ 34. Kf1 Qd3+ 35. Kg2 Qe4+ 36. Kh3 Qf5+ 37. Kh4 h5 38. h3 Nc5 39. g4 hxg4 40. hxg4 Qxf4 41. Bxc5 bxc5 42. Kh3 Bxe5 43. Qxc5 Qg3# 0-1


[Site "https://www.chess.com"]

[Event "Titled Tuesday Blitz June 21 Early 2022"]
[White "Yen, William"]
[Black "Ianov, Viktor"]
[WhiteFideId "30932025"]
[BlackFideId "14102730"]
[WhiteElo "1905"]
[BlackElo "2152"]
[Result "1-0"]
[Round "03"]
[TimeControl "180+1"]
[Date "2022.06.22"]
[WhiteClock "0:00:51"]
[BlackClock "0:01:21"]

1. e4 d6 2. d4 Nf6 3. f3 Nbd7 4. c4 e5 5. d5 Be7 6. Be3 a5 7. Nc3 Nc5 8. Bxc5 dxc5 9. Bd3 O-O 10. Nge2 Ne8 11. O-O Nd6 12. a4 Bg5 13. f4 exf4 14. Nxf4 Qe7 15. Qe2 Qe5 16. g3 Bd7 17. Rae1 Rae8 18. Kh1 g6 19. Nb5 Bxb5 20. axb5 b6 21. b3 Re7 22. Bc2 Rfe8 23. Qf3 Qb2 24. Rf2 Nf5 25. Rb1 Qa2 26. exf5 Re3 27. Qg4 Bxf4 28. Qxf4 Re1+ 29. Rxe1 Rxe1+ 30. Kg2 Qa1 31. fxg6 Rg1+ 32. Kh3 Qg7 33. Qxf7+ 1-0


[Site "https://www.chess.com"]

[Event "Titled Tuesday Blitz June 21 Early 2022"]
[White "Yuan, Qingyu"]
[Black "Curtis, John"]
[WhiteFideId "8609772"]
[BlackFideId "3200256"]
[WhiteElo "2359"]
[BlackElo "2203"]
[Result "1/2-1/2"]
[Round "03"]
[TimeControl "180+1"]
[Date "2022.06.22"]
[WhiteClock "0:00:02"]
[BlackClock "0:01:23"]

1. e4 c5 2. Nf3 d6 3. Bb5+ Bd7 4. c4 a6 5. Bxd7+ Qxd7 6. Nc3 Nc6 7. O-O Rb8 8. d4 cxd4 9. Nxd4 e6 10. b3 Nf6 11. Be3 Be7 12. Qd3 Ng4 13. Rad1 Nxe3 14. Qxe3 Nxd4 15. Rxd4 Qc6 16. e5 dxe5 17. Qxe5 O-O 18. Rg4 g6 19. Rd1 b5 20. h4 Rbd8 21. Rxd8 Rxd8 22. h5 Qd6 23. Qxd6 Rxd6 24. hxg6 hxg6 25. cxb5 axb5 26. Nxb5 Rd1+ 27. Kh2 Rd2 28. a4 Rxf2 29. a5 Rb2 30. a6 Bc5 31. Rc4 Bf2 32. a7 Bxa7 33. Nxa7 Rxb3 34. Nc6 Kg7 35. Ne5 Rb7 36. Kg3 Kf6 37. Nf3 g5 38. Kg4 Rb5 39. Rc7 Kg6 40. Rc6 f5+ 41. Kg3 Kf6 42. Rxe6+ Kxe6 43. Nd4+ Ke5 44. Nxb5 Ke4 45. Nd6+ Ke5 46. Nf7+ Kf6 47. Nd6 Ke5 48. Nc4+ Kd4 49. Nd2 Ke3 50. Nf3 g4 51. Nh4 Ke4 52. Ng6 Ke3 53. Nf4 Ke4 54. Nh5 Ke3 55. Kh4 Kf2 56. g3 Kf3 57. Kg5 Ke4 58. Nf4 Kf3 59. Kh4 Ke4 60. Ne6 Kf3 61. Nf4 Ke4 62. Kg5 Kf3 63. Nh5 Ke4 64. Kh4 Kf3 65. Nf4 1/2-1/2


[Site "https://www.chess.com"]